 Dungeon Crawl Stone Soup version 0.22-a0-271-gc000056 (webtiles) character file.

38 tidbits the Insei (level 3, 5/28 HPs)
             Began as a Gnoll Transmuter on Mar 11, 2018.
             Quit the game on level 5 of the Dungeon.
             The game lasted 00:01:45 (209 turns).

tidbits the Insei (Gnoll Transmuter)                 Turns: 209, Time: 00:01:46

Health: 5/28       AC:  2    Str: 12    XL:     3   Next: 43%
Magic:  6/9        EV: 14    Int: 16    God:
Gold:   10         SH:  0    Dex: 15    Spells: 6/12 levels left

rFire    . . .     SeeInvis .   a - +0 dagger
rCold    . . .     Gourm    .   (no shield)
rNeg     . . .     Faith    .   b - +0 robe
rPois    .         Spirit   .   (no helmet)
rElec    .         Reflect  .   (no cloak)
rCorr    .         Harm     .   (no gloves)
MR       .....                  (no boots)
Stlth    ++........             (no amulet)
HPRegen  0.09/turn              (no ring)
MPRegen  0.11/turn              (no ring)

@: seriously poisoned (5 -> 1)
A: distributed training, fangs 1, strong nose
a: no special abilities


You were on level 5 of the Dungeon.
You were not hungry.

You visited 1 branch of the dungeon, and saw 5 of its levels.

You collected 10 gold pieces.

Inventory:

Hand Weapons
 a - a +0 dagger (weapon)
Missiles
 c - 11 arrows
Armour
 b - a +0 robe (worn)
Scrolls
 e - a scroll of identify {unknown}
 r - a scroll of remove curse
Comestibles
 d - a ration


   Skills:
 + Level 2.6 Fighting
 + Level 0.7 Short Blades
 + Level 0.7 Long Blades
 + Level 0.7 Axes
 + Level 0.7 Maces & Flails
 + Level 0.7 Polearms
 + Level 0.7 Staves
 + Level 0.7 Slings
 + Level 0.7 Bows
 + Level 0.7 Crossbows
 + Level 0.7 Throwing
 + Level 0.7 Armour
 + Level 4.5 Dodging
 + Level 0.7 Stealth
 + Level 0.7 Shields
 + Level 6.5 Unarmed Combat
 + Level 5.0 Spellcasting
 + Level 0.5 Conjurations
 + Level 0.5 Hexes
 + Level 0.5 Charms
 + Level 0.5 Summonings
 + Level 0.5 Necromancy
 + Level 0.5 Translocations
 + Level 3.7 Transmutations
 + Level 0.5 Fire Magic
 + Level 0.5 Ice Magic
 + Level 0.5 Air Magic
 + Level 0.5 Earth Magic
 + Level 0.5 Poison Magic
 + Level 0.9 Invocations
 + Level 0.7 Evocations


You had 6 spell levels left.
You knew the following spells:

 Your Spells              Type           Power        Failure   Level  Hunger
e - Beastly Appendage     Tmut           ###...       3%          1    None
k - Sticks to Snakes      Tmut           ###.....     4%          2    #......
p - Spider Form           Tmut/Pois      ##........   19%         3    ###....


Dungeon Overview and Level Annotations

Branches:
Dungeon (5/15)
 Temple: D:4-7

Altars:


Innate Abilities, Weirdness & Mutations

Your experience applies equally to all skills.
You have very sharp teeth.
Your uncanny sense of smell can sniff out nearby items.


Message History

a - a dagger;
c - 12 arrows
There is a stone staircase leading down here.
You climb downwards.
There is a stone staircase leading up here.
Unknown command.
Okay, then.
Your transformation is almost over.
A frilled lizard comes into view.
Casting: Beastly Appendage (safe; 3% risk of failure)
Confirm with . or Enter, or press ? or * to list all spells.
You extend your transformation's duration.
The frilled lizard hisses angrily.
You closely miss the frilled lizard.
You kill the frilled lizard!
Your transformation is almost over.
Found 10 gold pieces.
You see here 10 gold pieces.
You now have 10 gold pieces.
Your horns disappear.
A worker ant comes into view.
Wield which item (- for none, * to show all)? (? for menu, Esc to quit)
a - a +0 dagger (weapon)
Found a scroll labeled MOELOUCE RA TINE.
Found a stone staircase leading down.
Unknown command.
The helpless worker ant fails to defend itself.
You hit the worker ant. Your bite misses the worker ant.
The worker ant is lightly wounded.
The worker ant bites you.
* * * LOW HITPOINT WARNING * * *
Casting: Beastly Appendage (safe; 3% risk of failure)
Confirm with . or Enter, or press ? or * to list all spells.
You grow a pair of large bovine horns.
The worker ant closely misses you. The worker ant misses you.
Casting: Beastly Appendage (safe; 3% risk of failure)
Confirm with . or Enter, or press ? or * to list all spells.
You create a snake!
You now have 11 arrows.
The worker ant bites you.
* * * LOW HITPOINT WARNING * * *
You hit the worker ant but do no damage.
The worker ant is lightly wounded.
The worker ant barely misses you.
Your ball python bites the worker ant.
Your ball python grabs the worker ant.
Your ball python constricts the worker ant.
Wield which item (- for none, * to show all)? (? for menu, Esc to quit)
You are now empty-handed.
Unknown command.
You hit the worker ant. You headbutt the worker ant!
The worker ant is almost dead.
The worker ant bites you but does no damage.
Your ball python bites the worker ant but does no damage.
Your ball python constricts the worker ant.
Your ball python bites the worker ant but does no damage.
Your ball python constricts the worker ant.
The worker ant misses you.
You hit the worker ant.
The worker ant is almost dead.
Your ball python completely misses the worker ant.
Your ball python constricts the worker ant.
The worker ant barely misses you.
You hit the worker ant.
You kill the worker ant!
Your Spellcasting skill increases to level 5!
You have reached level 3!
Your experience leads to an increase in your attributes!
Increase (S)trength, (I)ntelligence, or (D)exterity?
You feel clever.
Memorise Spider Form, consuming 3 spell levels and leaving 6?
You start memorising the spell.
You continue memorising. x3
Your transformation is almost over.
You finish memorising.
Spell assigned to 'p'.
You see here a scroll labeled MOELOUCE RA TINE.
e - a scroll labeled MOELOUCE RA TINE
Found 8 sling bullets.
There is a stone staircase leading down here.
You climb downwards.
Your summoned ally is left behind.
An adder and a skeleton come into view.
Found 6 gold pieces.
Found a stone staircase leading down.
There is a stone staircase leading up here.
Wield which item (- for none, * to show all)? (? for menu, Esc to quit)
a - a +0 dagger (weapon)
Your horns disappear.
The helpless adder fails to defend itself.
You puncture the adder!
The adder is heavily wounded.
The adder bites you.
* * * LOW HITPOINT WARNING * * *
You are poisoned.
The adder poisons you! The adder completely misses you.
Casting: Sticks to Snakes (safe; 4% risk of failure)
Confirm with . or Enter, or press ? or * to list all spells.
Okay, then.
Casting: Sticks to Snakes (safe; 4% risk of failure)
Confirm with . or Enter, or press ? or * to list all spells.
You don't know that spell.
* * * LOW HITPOINT WARNING * * *
You feel sick.
You aren't carrying any potions.
Unknown command.
Are you sure you want to abandon this character and quit the game? (Confirm with "yes".)

#######..
####.$......
#.@SZ.......
#.##.#####..
#. #>.. ∆ #.
##### #. #.
.. #.


You could see an adder and a bullfrog skeleton.

Vanquished Creatures
  A worker ant (D:4)
  An adder (D:3)
  A bat (D:3)
  A giant cockroach (D:1)
  A goblin (D:1)
  A kobold (D:3)
  A frilled lizard (D:4)
7 creatures vanquished.

Notes
Turn   | Place    | Note
-------+----------+-------------------------------------------
     0 | D:1      | tidbits the Gnoll Transmuter began the quest for the Orb.
     0 | D:1      | Reached XP level 1. HP: 17/17 MP: 6/6
    55 | D:3      | Reached XP level 2. HP: 13/23 MP: 5/7
    59 | D:3      | Learned a level 2 spell: Sticks to Snakes
   191 | D:4      | Reached skill level 5 in Spellcasting
   191 | D:4      | Reached XP level 3. HP: 9/28 MP: 4/9
   196 | D:4      | Learned a level 3 spell: Spider Form
   204 | D:5      | Entered Level 5 of the Dungeon
   209 | D:5      | Quit the game

Vault maps used:
D:1:      lightli_iron_boxes
D:2:      chequers_ecumenical_altar_lobes, minmay_tromino_i2
D:4:      lemuel_coloured_pillars_altar, first_ration, lemuel_altar_in_water2,
          uniq_eustachio

Skill      XL: |  1  2 |
---------------+-------+-----
Spellcasting   | 5 |  5.0
Fighting       | |  2.6
Short Blades   | |  0.7
Long Blades    | |  0.7
Axes           | |  0.7
Maces & Flails | |  0.7
Polearms       | |  0.7
Staves         | |  0.7
Slings         | |  0.7
Bows           | |  0.7
Crossbows      | |  0.7
Throwing       | |  0.7
Armour         | |  0.7
Dodging        | |  4.5
Stealth        | |  0.7
Shields        | |  0.7
Unarmed Combat | |  6.5
Conjurations   | |  0.5
Hexes          | |  0.5
Charms         | |  0.5
Summonings     | |  0.5
Necromancy     | |  0.5
Translocations | |  0.5
Transmutations | |  3.7
Fire Magic     | |  0.5
Ice Magic      | |  0.5
Air Magic      | |  0.5
Earth Magic    | |  0.5
Poison Magic   | |  0.5
Invocations    | |  0.9
Evocations     | |  0.7

Action                   || total
-------------------------++-------
Melee: Unarmed           ||    18
       Kick              ||     2
       Dagger            ||     3
       Headbutt          ||     2
 Cast: Beastly Appendage ||     7
       Sticks to Snakes  ||     1
  Use: Scroll            ||     1
       Potion            ||     1
 Stab: Sleeping          ||     2
Armor: Robe              ||     2
Dodge: Dodged            ||    12

Table legend:
 A = Spawn XP
 B = Non-spawn XP
 C = Spawn XP percentage of total XP
 D = Spawn monster count
 E = Non-spawn monster count
 F = Spawn count percentage of total count
 G = Total turns spent on level
                    A         B        C        D         E        F      G
               +---------+---------+-------+---------+---------+-------+---------
         Total |       0 |      55 |   0.0 |       0 |       7 |   0.0 |   209
               +---------+---------+-------+---------+---------+-------+---------
           D:1 |       0 |       4 |   0.0 |       0 |       2 |   0.0 |    23
           D:3 |       0 |      17 |   0.0 |       0 |       3 |   0.0 |    96
           D:4 |       0 |      34 |   0.0 |       0 |       2 |   0.0 |    59
               +---------+---------+-------+---------+---------+-------+---------

Table legend:
 A = Turns spent in this place as a percentage of turns spent in the entire game.
 B = Non-inter-level travel turns spent in this place as a percentage of non-inter-level travel turns spent in the entire game.
 C = Inter-level travel turns spent in this place as a percentage of turns spent in this place.
 D = Turns resting spent in this place as a percentage of non-inter-level travel turns spent in this place.
 E = Turns spent auto-exploring this place as a percentage of non-inter-level travel turns spent in this place.
 F = Non-inter-level travel turns spent in this place divided by the number of levels of this place that you've seen.
                   A       B       C       D       E      F
               +-------+-------+-------+-------+-------+----------------------
         Total | 100.0 | 100.0 |   0.0 |   0.0 |   0.0 |  41.8
       Dungeon | 100.0 | 100.0 |   0.0 |   0.0 |   0.0 |  41.8
               +-------+-------+-------+-------+-------+----------------------

Table legend:
 A = Kills in this place as a percentage of kills in entire the game.
 B = Kills by you in this place as a percentage of kills by you in the entire game.
 C = Kills by friends in this place as a percentage of kills by friends in the entire game.
 D = Other kills in this place as a percentage of other kills in the entire game.
 E = Experience gained in this place as a percentage of experience gained in the entire game.
 F = Experience gained in this place divided by the number of levels of this place that you have seen.
                   A       B       C       D       E      F
               +-------+-------+-------+-------+-------+----------------------
         Total | 100.0 | 100.0 |   N/A |   N/A | 100.0 |  11.0
       Dungeon | 100.0 | 100.0 |   N/A |   N/A | 100.0 |  11.0
               +-------+-------+-------+-------+-------+----------------------

Vault maps used:
D:1:      lightli_iron_boxes
D:2:      chequers_ecumenical_altar_lobes, minmay_tromino_i2
D:4:      lemuel_coloured_pillars_altar, first_ration, lemuel_altar_in_water2,
          uniq_eustachio
